 Dungeon Crawl Stone Soup version 0.24.0-123-gd5b16e6ec5 (webtiles) character file.

Game seed: 18390880169396906026, levelgen mode: deterministic

1216 Bluestream the Skirmisher (level 8, -9/72 (73) HPs)
             Began as a Minotaur Berserker on Feb 1, 2020.
             Was a Priest of Trog.
             Mangled by a gnoll sergeant
             ... wielding a +2 trident of venom
              (11 damage)
             ... on level 5 of the Dungeon.
             The game lasted 00:09:41 (4323 turns).

Bluestream the Skirmisher (Minotaur Berserker)      Turns: 4323, Time: 00:09:41

HP:   -9/72 (73)    AC: 15    Str: 22    XL:     8   Next: 22%
MP:   7/7           EV:  5    Int:  4    God:    Trog [***...]
Gold: 290           SH: 14    Dex: 12    Spells: 7/7 levels left

rFire    . . .     SeeInvis .   a - +0 mace
rCold    . . .     Gourm    .   k - +0 large shield
rNeg     . . .     Faith    .   f - +0 chain mail
rPois    .         Spirit   .   (helmet restricted)
rElec    .         Reflect  .   g - +0 cloak
rCorr    .         Harm     .   r - +2 pair of gloves
MR       .....                  m - +0 pair of boots
Stlth    ..........             (no amulet)
HPRegen  0.22/turn              (no ring)
MPRegen  0.10/turn              (no ring)

@: lethally poisoned (-9 -> -51), berserk cooldown, slowed, very slow
A: retaliatory headbutt, horns 2
a: Berserk, Trog's Hand, Renounce Religion


You were on level 5 of the Dungeon.
You worshipped Trog.
Trog was most pleased with you.
You were very hungry.

You visited 1 branch of the dungeon, and saw 5 of its levels.

You collected 290 gold pieces.

Inventory:

Hand Weapons
 a - a +0 mace (weapon)
Armour
 f - a +0 chain mail (worn)
 g - a +0 cloak (worn)
 k - a +0 large shield (worn)
 m - a +0 pair of boots (worn)
 p - a +2 leather armour of fire resistance
 r - a +2 pair of gloves (worn)
Wands
 o - a wand of digging (5)
Scrolls
 b - 5 scrolls of identify
 d - a scroll of magic mapping {unknown}
 e - 4 scrolls of remove curse
 h - 3 scrolls of blinking {unknown}
 j - 5 scrolls of teleportation {unknown}
 l - 2 scrolls of fog {unknown}
 n - a scroll of enchant weapon {unknown}
Potions
 i - a potion of brilliance {unknown}
 q - a potion of resistance {unknown}
 s - a potion of mutation {unknown}
Comestibles
 c - 6 rations


   Skills:
 * Level 7.4 Fighting
 * Level 7.3 Maces & Flails
 + Level 5.0 Armour
 + Level 4.5 Dodging
 + Level 3.7 Shields


You had 7 spell levels left.
You didn't know any spells.
Your spell library was empty.

Dungeon Overview and Level Annotations

Branches:
Dungeon (5/15)
 Temple: D:4-7

Altars:
Cheibriados
Xom

Shops:
D:5 [

Annotations:
D:5 1 transporter, ploer's ghost, amateur GrFi


Innate Abilities, Weirdness & Mutations

You reflexively headbutt those who attack you in melee.
You have a pair of horns on your head.


Message History

The gnoll hits the plant but does no damage.
* * * LOW HITPOINT WARNING * * *
You feel very sick.
The gnoll sergeant hits you but does no damage.
You are more poisoned.
The gnoll hits the plant with a +0 halberd.
The plant is destroyed!
The gnoll shaman hits the plant with a +0 whip!
You block the gnoll sergeant's attack.
* * * LOW HITPOINT WARNING * * *
You feel very sick. You block the gnoll sergeant's attack.
The gnoll hits the plant with a +0 halberd.
You block the gnoll sergeant's attack.
* * * LOW HITPOINT WARNING * * *
You feel very sick.
The gnoll sergeant hits you but does no damage.
You are more poisoned.
The gnoll sergeant hits you from afar with a +2 trident of venom!
You die...

#†≈≈.##g# #.##.≈≈...).#....
##.≈≈.#..# #.©#.≈≈...####...
#..≈≈.##.#####.##.≈≈....###...
#......#.#8⌠8#.#..≈≈.....#....
#)....©#.'.©.'.#©.≈≈.....#.)..
#......#.#Pgg#.#..≈≈........#.
#..≈≈.##.##g##.##.≈≈.....####.
#..≈≈.#..#P)P#..#.≈≈.....# ##
#..≈≈.##.'...@.##.≈≈.....#####
#..≈≈..#.#P.P#.#..≈≈..........
#..≈≈###.##'##.###≈≈...†......
#..≈≈#...........#≈≈..........
#..###.###..#≈≈..........
#..#8###8#..#≈≈..##......
####.....####≈≈.## ###...
≈≈≈≈≈≈≈≈≈≈≈≈≈≈.# # ..
≈≈≈≈≈≈≈≈≈≈≈≈≈≈.#.# .


You could see a gnoll sergeant and a gnoll shaman.

Vanquished Creatures
  Sigmund (D:4)
  2 sky beasts (D:5)
  A phantom (D:4)
  A necrophage (D:5)
  A gnoll sergeant (D:5)
  A scorpion (D:4)
  A howler monkey (D:4)
  A hound (D:5)
  2 jellies (D:5)
  A bullfrog skeleton (D:2)
  Ijyb (D:3)
  Jessica (D:2)
  2 iguanas (D:5)
  Terence (D:2)
  2 worker ants (D:4)
  Natasha (twice) (D:4)
  A worker ant zombie (D:5)
  A howler monkey skeleton (D:5)
  5 gnolls (D:5)
  5 adders
  6 worms
  A dart slug (D:2)
  4 leopard geckos
  7 orcs
  A giant cockroach (D:4)
  12 goblins
  6 hobgoblins
  8 jackals
  6 kobolds
  5 quokkas (D:3)
  A ball python (D:3)
  8 bats
  2 frilled lizards (D:1)
  6 rats
  A bush (D:3)
107 creatures vanquished.

Vanquished Creatures (others)
  A plant (D:5)
1 creature vanquished.

Grand Total: 108 creatures vanquished

Notes
Turn   | Place    | Note
-------+----------+-------------------------------------------
     0 | D:1      | Bluestream the Minotaur Berserker began the quest for the
                  | Orb.
     0 | D:1      | Reached XP level 1. HP: 19/19 MP: 0/0
   264 | D:1      | Reached XP level 2. HP: 25/27 MP: 1/1
   677 | D:1      | Reached XP level 3. HP: 29/33 MP: 2/2
   990 | D:2      | Noticed Jessica
   994 | D:2      | Killed Jessica
   994 | D:2      | Reached ** piety under Trog
  1138 | D:2      | Noticed Terence
  1147 | D:2      | Killed Terence
  1147 | D:2      | Reached XP level 4. HP: 41/41 MP: 3/3
  1265 | D:2      | Found a snail-covered altar of Cheibriados.
  1700 | D:3      | Reached XP level 5. HP: 43/47 MP: 4/4
  1775 | D:3      | Reached skill level 5 in Fighting
  1866 | D:3      | Reached skill level 1 in Shields
  1944 | D:3      | Reached skill level 5 in Maces & Flails
  1971 | D:3      | Found a snail-covered altar of Cheibriados.
  2077 | D:3      | Noticed Ijyb
  2091 | D:3      | Killed Ijyb
  2820 | D:4      | Noticed a phantom
  2839 | D:4      | Killed a phantom
  2839 | D:4      | Reached XP level 6. HP: 48/56 MP: 5/5
  3036 | D:4      | Reached *** piety under Trog
  3146 | D:4      | Noticed Sigmund
  3182 | D:4      | Killed Sigmund
  3182 | D:4      | Reached XP level 7. HP: 51/63 MP: 6/6
  3640 | D:4      | Noticed Natasha
  3642 | D:4      | Killed Natasha
  3889 | D:4      | Noticed Natasha
  3899 | D:4      | Killed Natasha
  3945 | D:5      | Entered Level 5 of the Dungeon
  4083 | D:5      | Reached XP level 8. HP: 63/72 MP: 7/7
  4119 | D:5      | Found a shimmering altar of Xom.
  4189 | D:5      | Found Qowy's Antique Armour Shoppe.
  4237 | D:5      | Found a transporter.
  4246 | D:5      | Identified the +1 scale mail "Zohagevu" {Regen+ Dex+2
                  | Slay+3}
  4253 | D:5      | Identified the cursed ring "Risuwur" {+Fly rPois rN++ Dex-3
                  | Slay+3}
  4257 | D:5      | Noticed ploer's ghost (amateur GrFi)
  4272 | D:5      | Found a transporter.
  4306 | D:5      | Reached skill level 5 in Armour
  4323 | D:5      | HP: 2/72 [poisoned by a gnoll sergeant]
  4323 | D:5      | Mangled by a gnoll sergeant

Levels and vault maps discovered:
D:1:      onia_arrival_mini_spirals, layout_basic
D:2:      layout_basic, kennysheep_slug_shrine, uniq_jessica, uniq_terence
D:3:      layout_basic, lemuel_doored_altar, serial_forest,
          infiniplex_forest_end_2, infiniplex_forest_clump_curved,
          infiniplex_forest_corner_1, infiniplex_forest_clump_curved,
          infiniplex_forest_lined_2, infiniplex_forest_clump_cross,
          infiniplex_forest_3_way, infiniplex_forest_pool,
          infiniplex_forest_clump_large, infiniplex_forest_lined_corner,
          kennysheep_generic_room_10, uniq_ijyb
D:4:      layout_loops_corners, uniq_sigmund, uniq_natasha
D:5:      layout_cave_pools, gammafunk_ghost_gnarly_gnolls, serial_shops, shop,
          first_ration, dk_xom_monty_hall

Skill      XL: |  1  2  3  4  5  6  7  8 |
---------------+-------------------------+-----
Fighting       | 4 5 6 7 |  7.4
Maces & Flails | 4 5 6 7 |  7.3
Armour         | 3 4 5 |  5.0
Dodging        | 3 4 |  4.5
Shields        | 1 2 3 |  3.7

Action                   |  1- 3 |  4- 6 |  7- 9 || total
-------------------------+-------+-------+-------++-------
Melee: Mace              |    50 |   217 |   132 ||   399
       Headbutt          |    11 |    50 |    26 ||    87
Invok: Berserk           |     1 |     2 |     4 ||     7
  Use: Scroll            |       |       |     2 ||     2
  Eat: Chunk             |     1 |     7 |     5 ||    13
       Ration            |       |       |     1 ||     1
Armor: Animal skin       |     5 |       |       ||     5
       Chain mail        |    22 |    76 |    85 ||   183
       Leather armour    |     2 |       |       ||     2
Dodge: Dodged            |    30 |    28 |    31 ||    89
Block: Large shield      |     2 |   124 |   118 ||   244
